 Dungeon Crawl Stone Soup version 0.31.0-32-g396128a36d (webtiles) character file.

Game seed: 899308609726382706

4539 KimSungchul the Basher (level 10, -1/92 HPs)
             Began as a Minotaur Monk on Apr 6, 2024.
             Was an Elder of Okawaru.
             Shot with an arrow by a centaur (8 damage)
             ... on level 9 of the Dungeon.
             The game lasted 00:34:24 (9579 turns).

KimSungchul the Basher (Minotaur Monk)              Turns: 9579, Time: 00:34:25

Health: -1/92      AC:  6    Str: 19    XL:     10   Next: 17%
Magic:  8/9        EV: 15    Int:  7    God:    Okawaru [****..]
Gold:   469        SH:  0    Dex: 14    Spells: 9/9 levels left

rFire   . . .        X - +5 mace
rCold   . . .        d - orb {light}
rNeg    . . .        M - +0 steam dragon scales
rPois   .            (helmet restricted)
rElec   .            (no cloak)
rCorr   .            (no gloves)
SInv    +            (no boots)
Will    .....        P - amulet of reflection
Stlth   +            B - +4 ring of slaying
HPRegen 0.35/turn    T - ring of see invisible
MPRegen 0.11/turn

%: reflection
@: confused, finesse-ful, ambrosia-drunk, glowing
A: horns 2, retaliatory headbutt
a: Renounce Religion, Heroism, Finesse


You were on level 9 of the Dungeon.
You worshipped Okawaru.
Okawaru was greatly pleased with you.
You visited 2 branches of the dungeon, and saw 10 of its levels.

You collected 469 gold pieces.

Inventory:

Hand Weapons
 b - a +0 dagger
 n - a +0 short sword of protection
 p - a +3 scimitar
 u - a +0 heavy flail
 L - a +1 glaive of flaming
 U - a +5 falchion
 X - a +5 mace (weapon)
Missiles
 t - 15 poisoned darts (quivered)
 F - 2 atropa-tipped darts
 J - 5 darts of dispersal
 K - 3 javelins
 S - 5 datura-tipped darts
Armour
 d - an orb of light (worn)
 q - the +0 robe of Happy Babbling {rElec rPois Str-2}
   (You found it on level 3 of the Dungeon)

   Str-2:     It affects your strength (-2).
   rElec:     It insulates you from electricity.
   rPois:     It protects you from poison
 H - a +0 tower shield
 M - +0 steam dragon scales (worn)
Jewellery
 B - a +4 ring of slaying (left hand)
 P - an amulet of reflection (around neck)
 T - a ring of see invisible (right hand)
Talismans
 a - a maw talisman
 s - a dragon-blood talisman
 A - a beast talisman
Wands
 x - a wand of digging (4)
 G - a wand of polymorph (11)
 N - a wand of charming (14)
Scrolls
 f - 2 scrolls of noise {unknown}
 g - 4 scrolls of teleportation {unknown}
 h - 5 scrolls of identify {unknown}
 j - 3 scrolls of blinking {unknown}
 k - a scroll of amnesia {unknown}
 l - a scroll of silence {unknown}
 m - 3 scrolls of vulnerability {unknown}
 r - 2 scrolls of enchant weapon {unknown}
 y - a scroll of torment {unknown}
 I - 4 scrolls of immolation {unknown}
 R - a scroll of fear {unknown}
Potions
 c - a potion of ambrosia
 e - 3 potions of lignification {unknown}
 i - 3 potions of enlightenment {unknown}
 o - 4 potions of curing {unknown}
 v - a potion of brilliance {unknown}
 z - 2 potions of attraction {unknown}
 D - a potion of degeneration {unknown}
 O - a potion of heal wounds {unknown}


   Skills:
 * Level 9.7 Fighting
 + Level 10.3 Maces & Flails
 * Level 4.2 Polearms
 * Level 8.2 Armour
 + Level 7.3 Dodging
 - Level 0.3 Stealth
 - Level 1.1 Unarmed Combat
 - Level 0.2 Invocations


You had 9 spell levels left.
You didn't know any spells.
Your spell library contained the following spells:

 Spells                   Type           Power      Damage    Failure   Level
 Apportation              Tloc           0%         N/A       43%         1
 Necrotise                Necr           0%         1d4       43%         1
 Blink                    Tloc           0%         N/A       56%         2
 Jinxbite                 Hex            0%         N/A       56%         2
 Lesser Beckoning         Tloc           0%         N/A       56%         2
 Momentum Strike          Conj/Tloc      0%         3d8       56%         2
 Gell's Gravitas          Tloc           0%         N/A       80%         3
 Sigil of Binding         Hex            0%         N/A       80%         3
 Teleport Other           Tloc           0%         N/A       80%         3
 Vampiric Draining        Necr           0%         2d6       80%         3
 Dimensional Bullseye     Hex/Tloc       0%         N/A       99%         4
 Alistair's Intoxication  Alch           0%         N/A       100%        5
 Curse of Agony           Necr           0%         N/A       100%        5
 Call Canine Familiar     Summ           Unusable   N/A       N/A         3
 Martyr's Knell           Necr/Summ      Unusable   N/A       N/A         4

Dungeon Overview and Level Annotations

Branches:
Dungeon (9/15)             Temple (1/1) D:4            Lair (0/5) D:9
    Orc: D:9-12

Altars:
Ashenzari
Cheibriados
Dithmenos
Elyvilon
Fedhas
Gozag
Hepliaklqana
Kikubaaqudgha
Makhleb
Nemelex Xobeh
Okawaru
Qazlal
Sif Muna
Trog
Uskayaw
Vehumet
Wu Jian
Xom
Yredelemnul
Zin
The Shining One

Shops:
D:2 (*   D:4 [   D:6 [


Innate Abilities, Weirdness & Mutations

You have a pair of horns on your head.
You reflexively headbutt those who attack you in melee.


Message History

The centaur shoots an arrow.
The arrow misses you.
A gnoll comes into view. It is wielding a +0 whip.
The electric eel shoots out a bolt of lightning at you!
The bolt of electricity hits the bullfrog!
The bolt of electricity hits you! x2
A gnoll comes into view. It is wielding a +0 spear.
You are too injured to fight recklessly!
You are too injured to fight recklessly!
You sock the bullfrog! You headbutt the bullfrog!
You kill the bullfrog!
Okawaru accepts your kill.
The centaur shoots an arrow.
The arrow closely misses you.
The electric eel shoots out a bolt of lightning at you!
The bolt of electricity misses you.
The centaur shoots an arrow.
The arrow hits you.
A gnoll comes into view. It is wielding a +0 spear.
You fail to use your ability.
The centaur shoots an arrow.
The arrow hits you.
The electric eel shoots out a bolt of lightning at you!
The bolt of electricity misses you.
The electric eel shoots out a bolt of lightning at you!
The bolt of electricity hits you!
* * * LOW HITPOINT WARNING * * *
Found a staircase to the Lair.
The centaur shoots an arrow.
The arrow hits you!
* * * LOW HITPOINT WARNING * * *
The wolf bites you.
* * * LOW HITPOINT WARNING * * *
A hound comes into view.
A gnoll comes into view.
It is wielding a +0 halberd of distortion.
A troll comes into view.
The centaur shoots an arrow.
The arrow hits you.
* * * LOW HITPOINT WARNING * * *
The troll shouts!
You can now deal lightning-fast blows.
The wolf misses you.
The centaur shoots an arrow.
The arrow completely misses you. The wolf completely misses you.
You furiously retaliate!
You headbutt the wolf.
You are confused.
You feel invigorated. The wolf bites you but does no damage.
The centaur shoots an arrow.
The arrow hits you!
You die...

..~~≈≈≈~~.....
>..≈≈≈~......
T.~≈≈.≈~....
~..≈~~.....
.~~≈≈S~~..#
~≈~≈~c....#
~~~.h≈....########
.g~ggSh@..##<....##
.....gg..†#.......#
..h.######.<)......#
#.. ########..# # ##


You could see a troll, 2 wolves, a centaur, a hound, 2 electric eels and 5
gnolls.

Vanquished Creatures
  A cyclops (D:8)
  Maggie (D:6)
  A troll (D:8)
  Grinder (D:6)
  A steam dragon (D:7)
  2 water moccasins
  Duvessa (D:5)
  3 ice beasts
  An orc warrior (D:8)
  A sky beast (D:6)
  A wolf (D:9)
  A kobold brigand (D:8)
  4 centaurs
  3 bullfrogs
  A gnoll sergeant (D:8)
  2 scorpions
  11 wights (D:8)
  Dowan (D:5)
  6 killer bees (D:8)
  A howler monkey (D:7)
  A bombardier beetle (D:3)
  4 hounds
  2 gnoll boudas
  4 iguanas
  Natasha (thrice) (D:3)
  4 orc wizards
  13 gnolls
  8 adders
  A white imp (D:7)
  2 ufetubi (D:5)
  4 dart slugs
  2 ribbon worms (D:2)
  8 orcs
  4 endoplasms
  3 giant cockroaches
  6 goblins
  7 hobgoblins
  8 jackals (D:3)
  6 quokkas
  10 ball pythons
  2 bats
  2 frilled lizards
  11 kobolds
  4 rats
163 creatures vanquished.

Notes
Turn   | Place    | Note
-------+----------+-------------------------------------------
     0 | D:1      | KimSungchul the Minotaur Monk began the quest for the Orb.
     0 | D:1      | Reached XP level 1. HP: 19/19 MP: 0/0
   150 | D:1      | Reached XP level 2. HP: 22/27 MP: 1/1
   339 | D:1      | Reached skill level 4 in Maces & Flails
   604 | D:2      | Found Adatei's Weapon Boutique.
   683 | D:2      | Found Tokhlate's Assorted Antiques.
   704 | D:2      | Reached XP level 3. HP: 24/33 MP: 2/2
  1195 | D:2      | Reached XP level 4. HP: 41/41 MP: 3/3
  1817 | D:3      | Reached skill level 5 in Maces & Flails
  1869 | D:3      | Noticed Natasha
  1877 | D:3      | Killed Natasha
  2047 | D:3      | Reached XP level 5. HP: 47/47 MP: 4/4
  2058 | D:3      | Identified the +0 robe of Happy Babbling {rElec rPois
                  | Str-2}
  2062 | D:3      | Found Koazim's Book Emporium.
  2259 | D:3      | Noticed Natasha
  2266 | D:3      | Killed Natasha
  2267 | D:3      | Reached skill level 1 in Armour
  2572 | D:3      | Noticed Natasha
  2581 | D:3      | Killed Natasha
  2582 | D:3      | Reached skill level 5 in Fighting
  3092 | D:4      | Found Geanoh's Armour Shop.
  3157 | D:4      | Reached skill level 6 in Maces & Flails
  3157 | D:4      | Reached XP level 6. HP: 56/56 MP: 5/5
  3756 | D:4      | Found a staircase to the Ecumenical Temple.
  3768 | Temple   | Entered the Ecumenical Temple
  3897 | Temple   | Became a worshipper of Warmaster Okawaru
  3897 | Temple   | Reached * piety under Okawaru
  3897 | Temple   | Reached ** piety under Okawaru
  4049 | Temple   | w
  4351 | D:5      | Entered Level 5 of the Dungeon
  4355 | D:5      | Noticed a water moccasin
  4361 | D:5      | Killed a water moccasin
  4844 | D:5      | Reached XP level 7. HP: 61/62 MP: 6/6
  4901 | D:5      | Found an ancient bone altar of Kikubaaqudgha.
  5025 | D:5      | Noticed Duvessa
  5025 | D:5      | Noticed Dowan
  5034 | D:5      | Killed Duvessa
  5038 | D:5      | Killed Dowan
  5039 | D:5      | Reached skill level 5 in Armour
  5327 | D:6      | Found Hidwin's Antique Armour Emporium.
  5366 | D:6      | Noticed Grinder
  5401 | D:6      | Paralysed by Grinder for 2 turns
  5425 | D:6      | Killed Grinder
  5426 | D:6      | Reached skill level 7 in Maces & Flails
  5426 | D:6      | Reached XP level 8. HP: 12/71 MP: 7/7
  5735 | D:6      | Reached skill level 5 in Dodging
  6009 | D:6      | Reached *** piety under Okawaru
  6572 | D:6      | Reached skill level 8 in Maces & Flails
  6573 | D:6      | Noticed Maggie
  6586 | D:6      | Killed Maggie
  6587 | D:6      | Reached skill level 1 in Unarmed Combat
  7018 | D:7      | Found a glowing golden altar of the Shining One.
  7018 | D:7      | Found a snail-covered altar of Cheibriados.
  7198 | D:7      | Reached skill level 1 in Polearms
  7198 | D:7      | Reached XP level 9. HP: 27/80 MP: 8/8
  7896 | D:8      | Reached **** piety under Okawaru
  8046 | D:8      | Found a burning altar of Makhleb.
  8063 | D:8      | Reached skill level 9 in Maces & Flails
  8390 | D:8      | Noticed a troll
  8395 | D:8      | Killed a troll
  8474 | D:8      | Noticed a cyclops
  8483 | D:8      | Killed a cyclops
  8679 | D:8      | Reached skill level 10 in Maces & Flails
  8683 | D:8      | Reached XP level 10. HP: 69/91 MP: 9/9
  9008 | D:8      | Reached ***** piety under Okawaru
  9577 | D:9      | Found a staircase to the Lair.
  9577 | D:9      | HP: 4/92 [centaur/arrow (4)]
  9579 | D:9      | Shot with an arrow by a centaur

Illustrated notes

≈.≈.≈≈.≈≈..≈≈._._.≈≈≈≈≈≈≈≈#
≈.≈.≈≈.≈.≈≈≈.......≈≈≈≈≈≈≈#
..≈.≈.≈≈.≈..._._._.≈≈≈≈≈≈≈#
..≈.≈..≈.≈._.......≈≈≈≈≈≈≈#
..≈.≈≈.≈.≈..._._._.≈≈≈≈≈≈≈#
≈≈≈.≈.≈≈.≈.≈.......≈≈≈≈≈≈≈#
≈..≈≈.≈≈.≈.≈≈._._.≈≈≈≈≈≈≈≈#
.≈≈≈.≈≈≈.≈.≈≈.....≈≈≈≈≈≈≈≈#
.≈≈.≈≈≈.≈≈≈.≈._.@.≈≈≈≈≈≈≈≈#
≈..≈≈≈≈.≈#≈.≈.....≈≈≈≈≈≈≈≈#
≈≈≈≈≈≈≈.≈≈≈.≈.._..≈≈≈≈≈≈≈≈#
≈≈≈≈≈≈≈≈...≈≈≈...≈≈≈≈≈≈≈≈≈#
≈≈≈≈≈≈≈≈≈≈≈≈≈≈≈≈≈≈≈≈≈≈≈≈≈≈#
≈≈≈≈≈≈≈≈≈≈≈≈≈≈≈≈≈≈≈≈≈≈≈≈≈≈#
≈≈≈≈≈≈≈≈≈≈≈≈≈≈≈≈≈≈≈≈≈≈≈≈≈≈#
≈≈≈≈≈≈≈≈≈≈≈≈≈≈≈≈≈≈≈≈≈≈≈≈≈≈#
≈≈≈≈≈≈≈≈≈≈≈≈≈≈≈≈≈≈≈≈≈≈≈≈≈≈#


Turn 4049 on Temple: w

Levels and vault maps discovered:
D:1:      orjb1_lava_funnel, layout_loops_ring, minmay_misc_feat_secret_circle
D:2:      layout_basic, serial_shops, nicolae_shop_bloodbath_and_beyond, shop,
          serial_corexii_hall, chequers_hall_statues_corner_a,
          corexii_hall_statues_u
D:3:      layout_basic, serial_shops, nicolae_shop_advertising_works
          [nicolae_subvault_shop_adworks], serial_bayou_pond_e,
          minmay_distorted, uniq_natasha
D:4:      layout_basic, minmay_temple_entry_enclosed_plants, serial_shops, shop
D:5:      layout_rooms, mainiacjoe_overflow_concentric_impassable,
          corexii_leaking_fountain, uniq_duvessa
D:6:      layout_cave_pods, serial_shops, nicolae_square_shop, uniq_maggie,
          uniq_grinder
D:7:      layout_gridville, gammafunk_temple_overflow_wave,
          minmay_strange_pillars
D:8:      layout_loops_ring, kennysheep_little_box, enter_bailey_3,
          minmay_sticks_and_stones
D:9:      layout_rooms, nicolae_ru_the_path_less_chosen, erik_lair_island,
          ebering_ghost_xom, serial_bayou, serial_bayou_crossing,
          serial_bayou_pond_c, serial_bayou_ford_a, serial_bayou_shore_b,
          minivault_28
Temple:   minmay_temple_bridge_d

Skill      XL: |  1  2  3  4  5  6  7  8  9 10 |
---------------+-------------------------------+-----
Fighting       | 4 5 6 7 9 |  9.7
Maces & Flails | 4 5 6 7 8 10 | 10.3
Dodging        | 4 6 7 |  7.3
Armour         | 1 3 6 7 8 |  8.2
Unarmed Combat | 1 |  1.1
Polearms       | 1 3 4 |  4.2
Stealth        | |  0.3
Invocations    | |  0.2

Action                     |  1- 3 |  4- 6 |  7- 9 | 10-12 || total
---------------------------+-------+-------+-------+-------++-------
  Melee: Mace              |    60 |    61 |       |     8 ||   129
         Headbutt          |     7 |    17 |    34 |     5 ||    63
         Flail             |       |    45 |   131 |    24 ||   200
         Unarmed           |       |       |    27 |       ||    27
 Invoke: Heroism           |       |       |     2 |       ||     2
         Finesse           |       |       |       |     1 ||     1
  Evoke: Wand              |       |     1 |       |       ||     1
    Use: Potion            |       |       |       |     1 ||     1
 Armour: Robe              |    27 |    15 |       |       ||    42
         Ring mail         |       |    29 |       |       ||    29
         Leather armour    |       |    38 |    87 |       ||   125
         Skin              |       |       |     6 |       ||     6
         Steam dragon scal |       |       |    45 |    30 ||    75
  Dodge: Dodged            |    40 |    76 |   163 |    27 ||   306
